[Event "Titled Tuesday Blitz October 31 Late 2023"]
[White "Blanco Ronquillo, Humberto L."]
[Black "NelsonLinda"]
[WhiteFideId "3504239"]
[WhiteElo "2727"]
[BlackElo "2594"]
[Result "1/2-1/2"]
[Round "9"]
[TimeControl "180+1"]
[Date "2023.10.31"]
[WhiteClock "0:00:05"]
[BlackClock "0:00:06"]
[Board "28"]

1. e4 c5 2. c3 Nf6 3. e5 Nd5 4. d4 cxd4 5. Nf3 e6 6. cxd4 d6 7. Bc4 Be7 8. O-O O-O 9. a3 b6 10. Bxd5 exd5 11. Nc3 Be6 12. Bf4 Nc6 13. Rc1 Rc8 14. Nb5 dxe5 15. dxe5 Bg4 16. h3 Bh5 17. Re1 Re8 18. Qb3 Bc5 19. Rcd1 Bxf3 20. Qxf3 d4 21. b4 Bf8 22. Nd6 Bxd6 23. exd6 Qd7 24. Qd5 a6 25. Rxe8+ Rxe8 26. Rc1 Rc8 27. a4 h6 28. b5 axb5 29. axb5 Nb8 30. Rc7 Rxc7 31. dxc7 Qxd5 32. cxb8=Q+ Kh7 33. Qe5 Qc4 34. Qf5+ Kg8 35. Qe4 Qxb5 36. Qxd4 Qc6 37. Bd2 b5 38. Bc3 f6 39. h4 Qe8 40. g3 Qc6 41. h5 Kh7 42. Qd3+ Kg8 43. Qe3 Qd7 44. Qf3 Qe8 45. Qd5+ Kh8 46. Kg2 Qb8 47. Bb4 Qe8 48. Bd6 Qd7 49. Qc5 Kh7 50. Bf4 Qe8 51. Qc2+ Kh8 52. Qg6 Qd7 53. Qe4 Kg8 54. Qa8+ Kh7 55. Qb8 Qe7 56. Qxb5 Qe4+ 57. Kg1 Qc2 58. Qf1 Qe4 59. Qc1 Qf5 60. Qd1 Qe4 61. Qg4 Qb1+ 62. Kg2 Qe4+ 63. Kh2 Qc2 64. Kg1 Qb1+ 65. Kg2 Qe4+ 66. Qf3 Qf5 67. Be3 Qc2 68. g4 Kh8 69. Qf5 Qb3 70. Kg3 Qc4 71. Qd7 Kh7 72. Qe8 Qa2 73. Qg6+ Kh8 74. Qe4 Qf7 75. Kf3 Qa2 76. Qe8+ Kh7 77. Qg6+ Kh8 78. Bxh6 Qa8+ 79. Kg3 gxh6 80. Qxh6+ Kg8 81. Qg6+ Kh8 82. Qxf6+ Kh7 83. g5 Qh1 84. g6+ Kh6 85. g7+ Kxh5 86. Qf7+ Kh6 87. g8=Q Qg1+ 88. Kf3 Qd1+ 89. Ke4 Qc2+ 90. Kf3 Qd1+ 91. Kg2 Qg4+ 92. Kf1 Qd1+ 93. Kg2 Qg4+ 94. Kh2 Qh4+ 95. Kg1 Qg4+ 96. Kh1 Qh4+ 97. Kg1 Qg4+ 98. Qxg4 1/2-1/2


[Site "https://www.chess.com"]

[Event "Titled Tuesday Blitz October 31 Late 2023"]
[White "Ezat, Mohamed"]
[Black "Erenberg, Ariel"]
[WhiteFideId "10600906"]
[BlackFideId "2811634"]
[WhiteElo "2592"]
[BlackElo "2721"]
[Result "0-1"]
[Round "9"]
[TimeControl "180+1"]
[Date "2023.10.31"]
[WhiteClock "0:00:08"]
[BlackClock "0:00:08"]
[Board "29"]

1. d4 Nf6 2. c4 c6 3. Nc3 d5 4. cxd5 cxd5 5. Bf4 a6 6. e3 Nc6 7. Bd3 e6 8. Rc1 Bd6 9. Bxd6 Qxd6 10. f4 O-O 11. Nf3 Bd7 12. Ne5 Rfc8 13. O-O Be8 14. g4 Nd7 15. g5 Nf8 16. Qg4 Ne7 17. h4 b5 18. h5 Rc7 19. Rc2 Rac8 20. Rcf2 b4 21. Ne2 g6 22. hxg6 fxg6 23. Rh2 Nf5 24. Qh3 Bb5 25. Bxb5 axb5 26. Ng4 Qa6 27. Ng3 Nxg3 28. Qxg3 Qxa2 29. Nf6+ Kh8 30. f5 exf5 31. Qe5 Rg7 32. Kg2 Qxb2+ 33. Kg3 Qc3 34. Rfh1 Qc7 35. Qxc7 Rgxc7 36. Nxd5 Rd7 37. Nxb4 Rc3 38. Kf4 Ne6+ 39. Ke5 Nxg5 40. Nd5 Ra3 41. Nf6 Nf3+ 42. Ke6 Nxh2 43. Nxd7 Rxe3+ 44. Kf7 Ng4 45. Nf8 h5 46. Nxg6+ Kh7 47. Rxh5+ Nh6+ 48. Kf6 Re8 49. Ne7 f4 50. d5 f3 51. d6 f2 52. Rh1 Rf8+ 53. Ke6 f1=Q 54. Rxf1 Rxf1 55. d7 Rf8 56. Nc6 b4 57. Nxb4 Nf7 58. Nc6 Kg7 59. Ke7 Rh8 60. Nd4 Rh5 61. Nf5+ Rxf5 62. Ke6 Re5# 0-1


[Site "https://www.chess.com"]

[Event "Titled Tuesday Blitz October 31 Late 2023"]
[White "Hoang, Thi Bao Tram"]
[Black "Hamitevici, Vladimir"]
[WhiteFideId "12401102"]
[BlackFideId "13902393"]
[WhiteElo "2566"]
[BlackElo "2719"]
[Result "0-1"]
[Round "9"]
[TimeControl "180+1"]
[Date "2023.10.31"]
[WhiteClock "0:00:10"]
[BlackClock "0:00:09"]
[Board "30"]

1. Nf3 d6 2. g3 e5 3. d3 f5 4. Bg2 Nf6 5. Nc3 Be7 6. Bg5 O-O 7. h4 Nbd7 8. h5 h6 9. Bd2 Qe8 10. e4 fxe4 11. dxe4 Nc5 12. Nh4 Bg4 13. f3 Bxh5 14. g4 Bg6 15. Qe2 Ne6 16. Be3 Nf4 17. Bxf4 exf4 18. Qc4+ Bf7 19. Qxc7 Rc8 20. Qa5 d5 21. O-O-O b6 22. Qb5 dxe4 23. fxe4 Qxb5 24. Nxb5 Nxg4 25. Nf5 Bg5 26. Bf3 Ne5 27. Nbd4 Rfd8 28. c3 Bxa2 29. Rdg1 Bc4 30. Kc2 Nxf3 31. Nxf3 Bd3+ 32. Kb3 Bxe4 33. Nxg5 hxg5 34. Ne7+ Kf7 35. Nxc8 Bxh1 36. Nxa7 Bd5+ 37. c4 Be6 38. Nc6 Rd3+ 39. Kb4 Re3 40. Nd4 Re4 41. Nf3 g4 42. Ng5+ Kg6 43. Nxe4 Kf5 44. Nd6+ Ke5 45. Nb5 f3 46. Re1+ Kf6 47. Nd4 Bf5 48. Nxf3 gxf3 49. Rf1 Be4 50. Kb5 g5 51. Kxb6 g4 52. c5 g3 53. c6 g2 54. Rc1 Bf5 55. c7 f2 56. Rc6+ Ke7 57. Rc5 Bc8 58. Re5+ Kd6 59. Re8 f1=Q 60. Rxc8 g1=Q+ 61. Kb7 Qfg2+ 62. Ka6 Q1f1+ 63. Ka5 Qd5+ 64. Ka4 Qfb5+ 65. Ka3 Qdb3# 0-1


[Site "https://www.chess.com"]

[Event "Titled Tuesday Blitz October 31 Late 2023"]
[White "BardArtem"]
[Black "Kashefi, Amir Hosein"]
[BlackFideId "12557935"]
[WhiteElo "2715"]
[BlackElo "2591"]
[Result "0-1"]
[Round "9"]
[TimeControl "180+1"]
[Date "2023.10.31"]
[WhiteClock "0:00:00"]
[BlackClock "0:00:49"]
[Board "31"]

1. e4 c6 2. d4 d5 3. exd5 cxd5 4. Bd3 Nf6 5. h3 Nc6 6. c3 g6 7. Nf3 Bf5 8. Be2 Bg7 9. Bf4 Bxb1 10. Rxb1 O-O 11. O-O a6 12. Re1 b5 13. Ne5 Rc8 14. a4 Qb6 15. axb5 axb5 16. Ra1 Ra8 17. Qb3 b4 18. Nxc6 Qxc6 19. Qxb4 e6 20. Bb5 Qb6 21. Qc5 Qb7 22. Rxa8 Qxa8 23. Qa3 Qxa3 24. bxa3 Rc8 25. a4 Rxc3 26. Ra1 Ne4 27. Be3 Rc7 28. a5 Nd6 29. Bf4 e5 30. dxe5 Nxb5 31. Rb1 Rc4 32. Bd2 Rc2 33. Bf4 Rc4 34. Bd2 Rc5 35. Bb4 Rc8 36. Bd2 Na3 37. Ra1 Nc4 38. Rc1 Bxe5 39. Be1 Ra8 40. Rc2 Nxa5 41. Ra2 Bc7 42. Kf1 Bd8 43. Ke2 Ra7 44. Rd2 Re7+ 45. Kf1 Re5 46. Ra2 d4 0-1


[Site "https://www.chess.com"]

[Event "Titled Tuesday Blitz October 31 Late 2023"]
[White "Jaskolka, Tomasz"]
[Black "Annaberdiyev, Meylis"]
[WhiteFideId "1170791"]
[BlackFideId "14000563"]
[WhiteElo "2586"]
[BlackElo "2703"]
[Result "1-0"]
[Round "9"]
[TimeControl "180+1"]
[Date "2023.10.31"]
[WhiteClock "0:00:28"]
[BlackClock "0:00:00"]
[Board "32"]

1. d4 Nf6 2. Nc3 d5 3. Bf4 e6 4. Nb5 Na6 5. e3 Be7 6. Nf3 O-O 7. Be2 c6 8. Nc3 c5 9. O-O Nb8 10. Ne5 Nc6 11. a3 Bd7 12. Bf3 cxd4 13. exd4 Rc8 14. Ne2 Qb6 15. Rb1 Rfd8 16. c3 Be8 17. Ng3 Na5 18. Re1 Nc4 19. Nxc4 Rxc4 20. Be2 Rcc8 21. Bd3 Qc6 22. Be5 b5 23. Nh5 Nxh5 24. Qxh5 g6 25. Qh6 f6 26. Bg3 Bf7 27. h4 Bf8 28. Qf4 Bg7 29. Qf3 a5 30. h5 b4 31. hxg6 hxg6 32. axb4 axb4 33. Rbc1 bxc3 34. bxc3 Qb6 35. Qg4 f5 36. Qg5 Qb2 37. Be5 Bxe5 38. dxe5 Rd7 39. Rb1 Qxc3 40. Rbc1 d4 41. Rxc3 dxc3 42. Bxf5 exf5 43. e6 1-0


[Site "https://www.chess.com"]

[Event "Titled Tuesday Blitz October 31 Late 2023"]
[White "Leiva, Gianmarco"]
[Black "Likvidator228"]
[WhiteFideId "3804399"]
[WhiteElo "2693"]
[BlackElo "2561"]
[Result "0-1"]
[Round "9"]
[TimeControl "180+1"]
[Date "2023.10.31"]
[WhiteClock "0:00:00"]
[BlackClock "0:00:20"]
[Board "33"]

1. e4 c5 2. Nf3 g6 3. c3 d5 4. e5 a6 5. d4 Nc6 6. Nbd2 Bg7 7. Bd3 f6 8. exf6 Nxf6 9. O-O O-O 10. Re1 Nh5 11. Bf1 cxd4 12. cxd4 Nxd4 13. Nxd4 Bxd4 14. Nf3 Bg7 15. Bg5 Bf6 16. Bh6 Re8 17. Ne5 e6 18. Qg4 Ng7 19. Bd3 Bxe5 20. Rxe5 Qf6 21. Rae1 Bd7 22. h4 Rf8 23. f3 Rf7 24. h5 gxh5 25. Rxh5 e5 26. Qg3 e4 27. fxe4 Kh8 28. Rh4 dxe4 29. Bxe4 Bf5 30. Rf1 Rg8 31. Bxg7+ Rgxg7 0-1


[Site "https://www.chess.com"]

[Event "Titled Tuesday Blitz October 31 Late 2023"]
[White "Tologon tegin, Semetei"]
[Black "Piesik, Piotr"]
[WhiteFideId "13800574"]
[BlackFideId "1136194"]
[WhiteElo "2556"]
[BlackElo "2679"]
[Result "1-0"]
[Round "9"]
[TimeControl "180+1"]
[Date "2023.10.31"]
[WhiteClock "0:01:14"]
[BlackClock "0:00:30"]
[Board "34"]

1. Nc3 g6 2. e4 Bg7 3. Nf3 c6 4. Bc4 b5 5. Bb3 b4 6. Ne2 d5 7. exd5 cxd5 8. d4 Nf6 9. h3 O-O 10. O-O a5 11. a4 Ba6 12. Re1 Bxe2 13. Qxe2 e6 14. Bf4 Nc6 15. c3 Ne4 16. Rac1 bxc3 17. bxc3 Qb6 18. Ba2 Qa6 19. Qe3 Ra7 20. Bb1 Nf6 21. Bd3 Qc8 22. Bb5 Ne7 23. Qd3 Qa8 24. Bd6 Rc8 25. Bc5 Rac7 26. Bd6 Rb7 27. Ba6 Nf5 28. Bxb7 Qxb7 29. Be5 Qb3 30. Qb5 Qxb5 31. axb5 Nd7 32. Bxg7 Kxg7 33. Ne5 Nb6 34. Nc6 Nd6 35. Rb1 a4 36. Rb4 Ra8 37. Ra1 a3 38. Ra2 Ne4 39. Rb3 Nc4 40. b6 Nxb6 41. Rxb6 Nxc3 42. Ra1 a2 43. Kf1 Ra3 44. Rb2 1-0


[Site "https://www.chess.com"]

[Event "Titled Tuesday Blitz October 31 Late 2023"]
[White "Sturt, Raven"]
[Black "Mendez Fortes, Eduardo Jesus"]
[WhiteFideId "2007304"]
[BlackFideId "3502376"]
[WhiteElo "2549"]
[BlackElo "2675"]
[Result "1-0"]
[Round "9"]
[TimeControl "180+1"]
[Date "2023.10.31"]
[WhiteClock "0:00:18"]
[BlackClock "0:00:05"]
[Board "35"]

1. f4 d5 2. Nf3 Nf6 3. e3 Bg4 4. h3 Bxf3 5. Qxf3 e6 6. b3 Nbd7 7. Bb2 Be7 8. g4 O-O 9. g5 Ne8 10. h4 c6 11. h5 Nd6 12. Bh3 Nc5 13. d3 f5 14. Nd2 a5 15. a3 b5 16. O-O a4 17. b4 Nd7 18. c4 Qe8 19. c5 Nb7 20. Rae1 e5 21. fxe5 Bxg5 22. Qg3 Qxh5 23. e6 Bh4 24. Qf3 Qg6+ 25. Kh1 Qxe6 26. Rg1 Bf6 27. Bxf5 Qe7 28. Qh5 h6 29. Qxh6 Bxb2 30. Qh7+ Kf7 31. Qh5+ Kg8 32. Bh7+ 1-0


[Site "https://www.chess.com"]

[Event "Titled Tuesday Blitz October 31 Late 2023"]
[White "Luczak, Filip"]
[Black "Deeper44"]
[WhiteFideId "1193686"]
[WhiteElo "2666"]
[BlackElo "2548"]
[Result "1-0"]
[Round "9"]
[TimeControl "180+1"]
[Date "2023.10.31"]
[WhiteClock "0:01:04"]
[BlackClock "0:00:00"]
[Board "36"]

1. d4 Nf6 2. Nc3 e6 3. Bf4 d5 4. e3 Bd6 5. Bd3 Bxf4 6. exf4 c5 7. dxc5 Nbd7 8. b4 O-O 9. Nge2 e5 10. fxe5 Nxe5 11. O-O Re8 12. Nd4 b6 13. c6 Qd6 14. Ncb5 Qxb4 15. Nc7 Bg4 16. f3 Qxd4+ 17. Kh1 Nxd3 18. Nxe8 Rxe8 19. Qxd3 Qxd3 20. cxd3 Rc8 21. fxg4 Rxc6 22. Rac1 Rc5 23. Rxc5 bxc5 24. Rb1 h6 25. Rb7 Nxg4 26. Kg1 Ne5 27. Rxa7 Nxd3 28. Rd7 d4 29. a4 Kf8 30. a5 Nb4 31. Rb7 Ke8 32. Rxb4 cxb4 33. a6 b3 34. a7 b2 35. a8=Q+ 1-0


[Site "https://www.chess.com"]

[Event "Titled Tuesday Blitz October 31 Late 2023"]
[White "Pinheiro, Iung Alicio de O."]
[Black "maksimys18"]
[WhiteFideId "2104350"]
[WhiteElo "2644"]
[BlackElo "2543"]
[Result "1/2-1/2"]
[Round "9"]
[TimeControl "180+1"]
[Date "2023.10.31"]
[WhiteClock "0:00:12"]
[BlackClock "0:00:12"]
[Board "37"]

1. d4 e6 2. Nf3 d5 3. Bf4 Bd6 4. Bg3 f5 5. e3 Nf6 6. Nbd2 O-O 7. c4 c6 8. Qc2 Ne4 9. Bxd6 Qxd6 10. c5 Qc7 11. Ne5 Nd7 12. Ndf3 Nxe5 13. Nxe5 Qa5+ 14. Kd1 f4 15. f3 Ng5 16. h4 Nf7 17. exf4 Nxe5 18. fxe5 Rf4 19. Qd2 Qa4+ 20. b3 Qxd4 21. Qxd4 Rxd4+ 22. Kc2 Bd7 23. g3 b6 24. cxb6 axb6 25. a4 Be8 26. Bd3 c5 27. Kc3 Rb4 28. f4 Bc6 29. Rhf1 d4+ 30. Kc2 Bd5 31. Rab1 g6 32. g4 Bc6 33. Bc4 Be4+ 34. Bd3 Bxd3+ 35. Kxd3 b5 36. axb5 Ra3 37. Kc2 Ra2+ 38. Kd3 Ra3 39. Kc2 Rxb5 40. f5 exf5 41. gxf5 c4 42. bxc4 Rc3+ 43. Kd2 Rxe5 44. fxg6 hxg6 45. Rb8+ Kg7 46. Rb7+ Kh6 47. Rff7 Kh5 48. Rh7+ Kg4 49. Rbg7 Re6 50. h5 Rxc4 51. Rxg6+ Rxg6 52. hxg6 Rc8 53. Rf7 Kg5 54. g7 Rg8 55. Kd3 Kg6 56. Rd7 Rxg7 57. Rxg7+ Kxg7 58. Kxd4 1/2-1/2


[Site "https://www.chess.com"]

[Event "Titled Tuesday Blitz October 31 Late 2023"]
[White "Toncheva, Nadya"]
[Black "reevecanada"]
[WhiteFideId "2924056"]
[WhiteElo "2538"]
[BlackElo "2642"]
[Result "1-0"]
[Round "9"]
[TimeControl "180+1"]
[Date "2023.10.31"]
[WhiteClock "0:00:06"]
[BlackClock "0:00:03"]
[Board "38"]

1. e4 c5 2. c3 Nf6 3. e5 Nd5 4. Nf3 d6 5. exd6 exd6 6. d4 cxd4 7. Nxd4 Be7 8. Bb5+ Bd7 9. O-O O-O 10. Bd3 Nf6 11. Re1 Re8 12. Nd2 Nc6 13. Nf5 Bf8 14. Nf3 Ne5 15. Nxe5 dxe5 16. Ng3 Bc6 17. Bg5 h6 18. Bxf6 Qxf6 19. Be4 Bc5 20. Qe2 Rad8 21. Bxc6 Qxc6 22. Rad1 Qc7 23. Ne4 Bf8 24. Qg4 Kh8 25. h4 Qc4 26. Qf3 Qxa2 27. Ra1 Qe6 28. Rxa7 f5 29. Ng3 f4 30. Ne4 Qb6 31. Raa1 Rd7 32. b4 Rc8 33. Red1 Rdc7 34. Rd5 Qe6 35. Raa5 Rc4 36. Rxe5 Qc6 37. Rad5 Ra8 38. Rf5 Re8 39. Nc5 Qc7 40. Rd7 Qc8 41. Rff7 b6 42. Nd3 Rxc3 43. Qxf4 Rc1+ 44. Nxc1 Re1+ 45. Kh2 Re8 46. Qf5 Qxc1 47. Rxf8+ Rxf8 48. Qxf8+ Kh7 49. Qxg7# 1-0


[Site "https://www.chess.com"]

[Event "Titled Tuesday Blitz October 31 Late 2023"]
[White "Tikhonov, Viacheslav"]
[Black "Manukyan, Sargis A."]
[WhiteFideId "44196407"]
[BlackFideId "13303970"]
[WhiteElo "2523"]
[BlackElo "2636"]
[Result "0-1"]
[Round "9"]
[TimeControl "180+1"]
[Date "2023.10.31"]
[WhiteClock "0:00:00"]
[BlackClock "0:00:37"]
[Board "39"]

1. e4 c5 2. Nf3 d6 3. Nc3 Nf6 4. e5 dxe5 5. Nxe5 Nbd7 6. d4 e6 7. Bb5 a6 8. Bxd7+ Nxd7 9. Qf3 Qf6 10. Bf4 cxd4 11. Ne4 Qf5 12. Nc4 Qd5 13. Ncd6+ Bxd6 14. Nxd6+ Kf8 15. Qxd5 exd5 16. O-O-O Nf6 17. Rxd4 b5 18. Nxc8 Rxc8 19. Bg5 Ne4 20. Rxd5 Nxf2 21. Rf1 Ne4 22. Re1 Nxg5 23. Rxg5 g6 24. Rd5 Rc6 25. Rf1 Kg7 26. Rd7 Rf8 27. Kd2 h5 28. Kd3 g5 29. Rd5 Kg6 30. b3 Rfc8 31. Rff5 f6 32. h4 gxh4 33. Rxh5 Rc3+ 34. Kd4 Rxc2 35. Rxh4 Rxg2 36. a4 Rd2+ 37. Ke4 Re8+ 0-1


[Site "https://www.chess.com"]

[Event "Titled Tuesday Blitz October 31 Late 2023"]
[White "Kornyukov, Alexey"]
[Black "Haydon, David L"]
[WhiteFideId "4150457"]
[BlackFideId "415405"]
[WhiteElo "2349"]
[BlackElo "2633"]
[Result "0-1"]
[Round "9"]
[TimeControl "180+1"]
[Date "2023.10.31"]
[WhiteClock "0:00:00"]
[BlackClock "0:00:56"]
[Board "40"]

1. d4 Nf6 2. c4 e6 3. Nc3 d5 4. cxd5 exd5 5. Bg5 c6 6. e3 Be6 7. Bd3 Nbd7 8. Nf3 Be7 9. O-O O-O 10. h3 a6 11. Rc1 Rc8 12. Bf4 Nh5 13. Bh2 f5 14. Ne5 Nhf6 15. Qc2 Nxe5 16. Bxe5 Nd7 17. Bh2 Qe8 18. f3 Qg6 19. g4 c5 20. Qg2 Qf7 21. Kh1 b5 22. a3 cxd4 23. exd4 f4 24. Rfe1 Bh4 25. Re2 Nb6 26. Bg1 Nc4 27. Bf2 Bxf2 28. Qxf2 Ne3 29. Rce1 Qf6 30. Rxe3 fxe3 31. Rxe3 Qxd4 32. Qe2 Bf7 33. Kg2 Rce8 34. Rxe8 Rxe8 35. Qd2 g6 36. Ne2 Qe3 37. Qc2 d4 38. Be4 Bc4 39. Ng3 d3 40. Qc3 Rd8 41. Qf6 Qd4 42. Qe7 d2 43. Nh5 d1=Q 44. Nf6+ Qxf6 45. Qxf6 Qf1+ 46. Kg3 Qe1+ 47. Kf4 Rf8 48. Qxf8+ Kxf8 49. Ke5 Ke7 0-1


[Site "https://www.chess.com"]

[Event "Titled Tuesday Blitz October 31 Late 2023"]
[White "Vasquez Schroeder, Rodrigo"]
[Black "victormago"]
[WhiteFideId "3400042"]
[WhiteElo "2856"]
[BlackElo "2456"]
[Result "1-0"]
[Round "9"]
[TimeControl "180+1"]
[Date "2023.10.31"]
[WhiteClock "0:00:46"]
[BlackClock "0:00:00"]
[Board "41"]

1. e4 c5 2. Nf3 d6 3. d4 cxd4 4. Nxd4 Nf6 5. Nc3 a6 6. Bg5 e6 7. f4 h6 8. Bh4 Be7 9. Qf3 Nbd7 10. O-O-O Qc7 11. Be2 Rb8 12. Qg3 O-O 13. Bf3 Re8 14. Rhe1 b5 15. e5 dxe5 16. fxe5 Nh7 17. Bxe7 Rxe7 18. Nc6 Ndf8 19. Nxe7+ Qxe7 20. h4 Bd7 21. Ne4 b4 22. Rd6 Be8 23. Red1 a5 24. Ra6 Qc7 25. Nd6 Bb5 26. Nxb5 Rxb5 27. Rdd6 Rc5 28. Be4 f5 29. Bd3 g5 30. hxg5 Nxg5 31. Qe3 Nf7 32. Rdb6 Rxe5 33. Qg3+ Kh7 34. Rxe6 Nxe6 35. Rxe6 Qc5 36. Qg6+ Kh8 37. Qf6+ Kg8 38. Rxe5 Qxe5 39. Qxe5 Nxe5 40. Bxf5 Kf7 41. Be4 Kf6 42. b3 Kg5 43. Kd2 Kf4 44. Bd5 h5 45. c4 bxc3+ 46. Kxc3 Ke3 47. a3 h4 48. b4 axb4+ 49. Kxb4 Kd4 50. Bb7 Nd7 51. Kb5 Nc5 52. Bf3 Nd7 53. a4 Ke5 54. Bg4 1-0


[Site "https://www.chess.com"]

[Event "Titled Tuesday Blitz October 31 Late 2023"]
[White "Sargsyan, Anna M."]
[Black "Tanenbaum, Zachary"]
[WhiteFideId "13308130"]
[BlackFideId "2060850"]
[WhiteElo "2550"]
[BlackElo "2695"]
[Result "0-1"]
[Round "9"]
[TimeControl "180+1"]
[Date "2023.10.31"]
[WhiteClock "0:00:50"]
[BlackClock "0:01:27"]
[Board "42"]

1. e4 e5 2. Nf3 Nc6 3. Bc4 Nf6 4. d3 Be7 5. O-O O-O 6. Re1 d6 7. c3 Na5 8. Bb5 a6 9. Ba4 b5 10. Bc2 c5 11. d4 exd4 12. cxd4 Bg4 13. dxc5 dxc5 14. h3 Bh5 15. e5 Qxd1 16. Rxd1 Bxf3 17. gxf3 Nh5 18. Rd7 Rfe8 19. Nc3 Rad8 20. Ra7 Nc6 21. Rxa6 Nb4 22. Ra7 Nxc2 23. Rb1 b4 0-1


[Site "https://www.chess.com"]

[Event "Titled Tuesday Blitz October 31 Late 2023"]
[White "Shubenkova, Veronika"]
[Black "Goltsev, Dmitry"]
[WhiteFideId "44124040"]
[BlackFideId "24176710"]
[WhiteElo "2537"]
[BlackElo "2655"]
[Result "0-1"]
[Round "9"]
[TimeControl "180+1"]
[Date "2023.10.31"]
[WhiteClock "0:00:01"]
[BlackClock "0:00:55"]
[Board "43"]

1. e4 e6 2. d4 d5 3. exd5 exd5 4. Nf3 Nf6 5. c3 c5 6. Bb5+ Nc6 7. O-O Be7 8. Bg5 O-O 9. Nbd2 Bg4 10. Bxc6 bxc6 11. h3 Bh5 12. Qa4 Qb6 13. Ne5 Qxb2 14. Nxc6 Bd6 15. dxc5 Bxc5 16. Rab1 Qxc3 17. Rb3 Qc2 18. Bxf6 Qxd2 19. Rg3 Bg6 20. Be7 Bxe7 21. Nxe7+ Kh8 22. Qh4 Qc2 23. f4 Rae8 24. Kh2 Qe4 25. Nc6 d4 26. Ne5 Rxe5 27. Rg4 Rf5 28. Re1 Qd5 29. Qe7 Rg8 30. Qe8 h6 31. Qe7 d3 32. Rh4 d2 33. Rd1 Qd4 34. Qe2 Rxf4 35. Rxd2 Qf6 36. Rxf4 Qxf4+ 37. g3 Qe4 38. Qf2 Re8 39. h4 Qe3 40. Qg2 Be4 41. Qf2 Qxf2+ 42. Rxf2 f5 43. Rd2 Rc8 0-1


[Site "https://www.chess.com"]

[Event "Titled Tuesday Blitz October 31 Late 2023"]
[White "Rosen, Eric"]
[Black "Osmak, Yuliia"]
[WhiteFideId "2032562"]
[BlackFideId "14101602"]
[WhiteElo "2654"]
[BlackElo "2526"]
[Result "1-0"]
[Round "9"]
[TimeControl "180+1"]
[Date "2023.10.31"]
[WhiteClock "0:00:43"]
[BlackClock "0:00:00"]
[Board "44"]

1. e4 c6 2. d4 d5 3. Nc3 dxe4 4. Nxe4 Nf6 5. Nxf6+ exf6 6. Be3 Bd6 7. Bd3 O-O 8. Ne2 Re8 9. O-O Nd7 10. Qd2 Nf8 11. c4 Ng6 12. f4 f5 13. Rae1 Qf6 14. Kh1 Bd7 15. Ng1 a5 16. a3 b5 17. c5 Bc7 18. d5 cxd5 19. Nf3 Rxe3 20. Qxe3 Nxf4 21. Bb1 Qxb2 22. Rf2 Qf6 23. Ne5 Bxe5 24. Qxe5 Qxe5 25. Rxe5 Ng6 26. Rxd5 Re8 27. Rf1 Be6 28. Re1 Nf4 29. Rxf5 Ng6 30. c6 Rc8 31. Rxb5 h5 32. Bxg6 Bc4 33. Rc5 1-0


[Site "https://www.chess.com"]

[Event "Titled Tuesday Blitz October 31 Late 2023"]
[White "ArtemDyachuk"]
[Black "Bazilius, Augustinas"]
[BlackFideId "12832251"]
[WhiteElo "2634"]
[BlackElo "2519"]
[Result "0-1"]
[Round "9"]
[TimeControl "180+1"]
[Date "2023.10.31"]
[WhiteClock "0:00:15"]
[BlackClock "0:00:11"]
[Board "45"]

1. e4 c5 2. Nf3 a6 3. c4 e6 4. d3 d6 5. g3 Nf6 6. Bg2 Be7 7. O-O O-O 8. e5 dxe5 9. Nxe5 Nbd7 10. Nf3 Re8 11. Nc3 Nf8 12. b3 Ng6 13. d4 cxd4 14. Nxd4 Qc7 15. Nc2 Rd8 16. Qe2 Bd7 17. Bb2 Bc6 18. Rad1 Bxg2 19. Kxg2 Rxd1 20. Rxd1 Rd8 21. Ne3 Rxd1 22. Qxd1 Ne5 23. f3 h5 24. Kf2 h4 25. Ke2 hxg3 26. hxg3 Ng6 27. Qe1 Nh5 28. Nf1 Bf6 29. Kf2 Nxg3 30. Nxg3 Qxg3+ 31. Kxg3 Bh4+ 32. Kg2 Bxe1 33. Ne4 Bb4 34. a3 Be7 35. Kf1 Nf4 36. Nf2 Kf8 37. Be5 Ng6 38. Bc7 Bxa3 39. Nd3 Be7 40. c5 Ke8 41. Ke2 Kd7 42. Ba5 Kc6 43. Bb4 Bg5 44. Kd1 Bf6 45. Kc2 Ne7 46. Ba3 Nd5 47. Nf2 Ne3+ 48. Kd3 Nd5 49. Ne4 Be7 50. Kc4 Ne3+ 51. Kd3 Nf5 52. Kc4 Ne3+ 53. Kd3 Nd5 54. Kc4 b5+ 55. Kd4 f5 56. Nd6 Bxd6 57. cxd6 b4 58. Bb2 Kxd6 59. Kc4 Kc6 60. Bxg7 a5 61. Be5 Nb6+ 62. Kd4 Nd7 63. Bg3 e5+ 64. Kc4 Nb6+ 65. Kd3 Kd5 66. Bf2 Nd7 67. Ba7 Nc5+ 68. Kc2 e4 69. fxe4+ Nxe4 70. Bb6 Nd6 71. Bxa5 Kc5 72. Bd8 Nb5 73. Bh4 Nd4+ 74. Kb2 Kd5 75. Bf2 Nc6 76. Kc2 Ke4 77. Kd2 Nd4 78. Kc1 Nxb3+ 79. Kc2 Nd4+ 80. Kb2 f4 81. Be1 f3 82. Bf2 Kd3 83. Bg1 Ne2 84. Bf2 Nd4 85. Bg1 Kc4 86. Bf2 b3 87. Bg1 Ne2 88. Bf2 Nf4 89. Be3 Nd3+ 90. Ka3 f2 91. Bxf2 Nxf2 92. Kb2 Nd3+ 93. Ka3 Kc3 94. Ka4 b2 95. Kb5 b1=Q+ 96. Kc6 Qb4 97. Kd7 Nb2 98. Ke8 Qb7 99. Kf8 Qc7 100. Ke8 Kc4 101. Kf8 Qd7 102. Kg8 Qe7 103. Kh8 Kd5 104. Kg8 Ke5 105. Kh8 Kf6 106. Kg8 Qg7# 0-1


[Site "https://www.chess.com"]

[Event "Titled Tuesday Blitz October 31 Late 2023"]
[White "Reprintsev, Alexander"]
[Black "Zeynalli, Rashad"]
[WhiteFideId "14100541"]
[BlackFideId "13403320"]
[WhiteElo "2513"]
[BlackElo "2626"]
[Result "0-1"]
[Round "9"]
[TimeControl "180+1"]
[Date "2023.10.31"]
[WhiteClock "0:00:23"]
[BlackClock "0:00:36"]
[Board "46"]

1. e4 c5 2. b3 Nc6 3. Bb2 e5 4. f4 exf4 5. Qf3 Qh4+ 6. g3 fxg3 7. hxg3 Qe7 8. Bc4 Nf6 9. Bxf6 gxf6 10. Nc3 Nd4 11. Qd3 d6 12. Nge2 Nxe2 13. Qxe2 Be6 14. O-O-O O-O-O 15. Rdf1 Bg7 16. Rh5 Qd7 17. Bxe6 fxe6 18. Rfh1 h6 19. a4 a6 20. Qg4 Rhg8 21. Qh3 Kb8 22. Ne2 b5 23. axb5 axb5 24. Nf4 Qa7 25. Kb1 f5 26. c3 Qa3 27. Nxe6 Qxb3+ 28. Kc1 Qxe6 29. exf5 Qa2 30. Rf1 b4 31. f6 b3 32. Kd1 Rde8 0-1


[Site "https://www.chess.com"]

[Event "Titled Tuesday Blitz October 31 Late 2023"]
[White "Seletsky, Grigory"]
[Black "Yelisieiev, Yevhenii"]
[WhiteFideId "14112191"]
[BlackFideId "14139642"]
[WhiteElo "2486"]
[BlackElo "2618"]
[Result "0-1"]
[Round "9"]
[TimeControl "180+1"]
[Date "2023.10.31"]
[WhiteClock "0:00:13"]
[BlackClock "0:00:47"]
[Board "47"]

1. b3 c5 2. Bb2 Nc6 3. Nf3 d6 4. e3 e5 5. c4 f5 6. Nc3 Nf6 7. d3 Be6 8. Be2 Be7 9. a3 h6 10. O-O O-O 11. Nd2 d5 12. cxd5 Nxd5 13. Nxd5 Qxd5 14. Qc2 Rad8 15. Rfd1 f4 16. Nc4 fxe3 17. fxe3 Bg5 18. Bf3 Rxf3 19. gxf3 Qxf3 20. Qf2 Qg4+ 21. Qg2 Qh5 22. a4 Nb4 23. e4 Nxd3 24. Rxd3 Rxd3 25. Bxe5 Bxc4 26. bxc4 Be3+ 27. Kh1 Qxe5 28. Rf1 Rd4 29. h3 Qxe4 30. Rf3 Rd1+ 31. Kh2 Bf4+ 32. Rg3 Rd2 33. Qxd2 Bxd2 0-1


[Site "https://www.chess.com"]